 Dungeon Crawl Stone Soup version 0.30-b1-2-g02819fbbbe (webtiles) character file.

Game seed: 4152606636151147437

834 Fartwhistle the Magician (level 7, -4/72 HPs)
             Began as a Demonspawn Transmuter on June 8, 2023.
             Slain by Duvessa
             ... wielding a +0 short sword
              (7 damage)
             ... on level 5 of the Dungeon.
             The game lasted 00:08:02 (5202 turns).

Fartwhistle the Magician (Demonspawn Transmuter)    Turns: 5202, Time: 00:08:02

Health: -4/72      AC: 27    Str: 10    XL:     7   Next: 66%
Magic:  13/15      EV:  2    Int: 17    God:
Gold:   191        SH:  0    Dex: 15    Spells: 11/17 levels left

rFire   . .          .
                       - Unarmed
rCold   . . .        (no shield)
rNeg    . . .        z - melded +2 leather armour {rC+}
rPois   +            j - melded +0 helmet
rElec   .            (cloak currently unavailable)
rCorr   .            (gloves currently unavailable)
SInv    +            (boots currently unavailable)
Will    .....        (no amulet)
Stlth   ++           n - +4 ring of protection
HPRegen 0.32/turn    o - ring of see invisible
MPRegen 0.14/turn

%: no passive effects
@: tree-form
A: stationary, stasis, torment immunity, boosted hp, (claws 2), thin skeletal
structure 1, powered by death 2, (spiny 1)
a: no special abilities


You were on level 5 of the Dungeon.
You were a tree.
You visited 1 branch of the dungeon, and saw 5 of its levels.

You collected 246 gold pieces.
You spent 55 gold pieces at shops.

Inventory:

Armour
 a - a +0 robe
 j - a +0 helmet (melded)
 z - a +2 leather armour of cold resistance (melded)
Magical Staves
 i - a staff of conjuration
 w - a staff of cold
Jewellery
 n - a +4 ring of protection (left branch)
 o - a ring of see invisible (right branch)
 s - a ring of protection from cold
Wands
 t - a wand of light (8)
 x - a wand of flame (13)
 A - a wand of paralysis (11)
Scrolls
 c - a scroll of vulnerability
 f - 3 scrolls of teleportation
 k - a scroll of enchant weapon {unknown}
 l - a scroll of butterflies {unknown}
 m - 2 scrolls of poison {unknown}
 r - a scroll of torment {unknown}
 u - 2 scrolls of amnesia {unknown}
 v - a scroll of immolation {unknown}
 y - 2 scrolls of identify
Potions
 b - a potion of lignification
 d - 3 potions of curing
 e - 3 potions of degeneration {unknown}
 g - 2 potions of mutation
 h - 3 potions of heal wounds {unknown}
 p - 2 potions of flight {unknown}
 q - a potion of magic {unknown}
 B - 2 potions of might {unknown}


   Skills:
 - Level 1.0 Fighting
 - Level 1.7 Dodging
 - Level 2.6 Unarmed Combat
 + Level 5.6 Spellcasting
 + Level 5.6 Transmutations
 - Level 2.0 Poison Magic


You had 11 spell levels left.
You knew the following spells:

 Your Spells              Type           Power      Damage    Failure   Level
a - Beastly Appendage     Tmut           48%        N/A       1%          1
b - Wereblood             Tmut           24%        N/A       1%          2
c - Spider Form           Tmut/Pois      17%        N/A       9%          3

Your spell library contained the following spells:

 Spells                   Type           Power      Damage    Failure   Level
 Poisonous Vapours        Pois/Air       16%        N/A       13%         2
 Sublimation of Blood     Necr           4%         N/A       21%         2
 Ozocubu's Armour         Ice            4%         N/A       36%         3
 Ice Form                 Ice/Tmut       14%        N/A       38%         4
 Petrify                  Tmut/Erth      14%        N/A       38%         4
 Irradiate                Conj/Tmut      7%         3d14      75%         5
 Metabolic Englaciation   Hex/Ice        2%         N/A       98%         5
 Simulacrum               Ice/Necr       2%         N/A       100%        6
 Summon Hydra             Summ           2%         N/A       100%        7


Dungeon Overview and Level Annotations

Branches:
Dungeon (5/15)
 Temple: D:4-7

Altars:
Qazlal
Trog

Shops:
D:2 ?

Annotations:
D:3 1 runed translucent door, KineticRobot's ghost, weakling DgTm
D:5 Duvessa


Innate Abilities, Weirdness & Mutations

You are a tree.
Your roots penetrate the ground, keeping you stationary.
You cannot be teleported.
You are immune to unholy pain and torment.
Your maximum health is greatly increased.
Your equipment is partially melded.
((You have very sharp fingernails.))
You have a somewhat thin skeletal structure. (Dex +2, Stealth+)
You regenerate health from kills.
((You are partially covered in sharp spines.))


Message History

The iguana attacks as you move away! The iguana bites you.
Duvessa rages.
The iguana attacks as you move away! The iguana is struck by your spines.
The iguana barely misses you. The iguana attacks as you move away!
The iguana misses you.
Duvessa rages.
The iguana attacks as you move away! The iguana is struck by your spines.
The iguana bites you.
Casting: Spider Form (dangerous; 12% risk of failure)
Confirm with . or Enter, or press ? or * to list all spells.
You turn into a venomous arachnid creature.
Your +0 helmet melds into your body.
Your +2 leather armour of cold resistance melds into your body.
You feel less resistant to cold. The iguana closely misses you.
Unknown command.
You bite the iguana!
You kill the iguana!
Duvessa hits you with a +0 short sword.
You hit Duvessa.
Duvessa is lightly wounded.
Duvessa hits you with a +0 short sword!
You hit Duvessa.
Duvessa is poisoned.
Duvessa is lightly wounded.
Duvessa completely misses you.
Unknown command.
Duvessa hits you with a +0 short sword. Duvessa attacks as you move away!
Duvessa hits you with a +0 short sword!
* * * LOW HITPOINT WARNING * * *
Really quaff the potion of lignification?
Your transformation has ended.
Your +0 helmet unmelds from your body.
Your +2 leather armour of cold resistance unmelds from your body.
You feel resistant to cold.
You turn into a tree.
Your +0 helmet melds into your body.
Your +2 leather armour of cold resistance melds into your body.
You feel less resistant to cold.
Your roots penetrate the ground.
Duvessa hits you with a +0 short sword!
* * * LOW HITPOINT WARNING * * *
Duvessa hits you with a +0 short sword!
You die...

#....#.#.# #....#.#.#
#..###.#.# #......#.#
#..#####.#
##.#####.#######
#..............
#######.##################
#..♣e.†.............
####################


You could see Duvessa (berserk, very poisoned).

Vanquished Creatures
  Eustachio (D:4)
  An ogre (D:5)
  A scorpion (D:5)
  Dowan (D:5)
  2 jellies (D:4)
  A hound (D:4)
  4 iguanas (D:5)
  Ijyb (D:4)
  An orc wizard (D:4)
  Natasha (thrice) (D:4)
  Terence (D:3)
  6 adders
  A white imp (D:5)
  2 worms (D:3)
  3 dart slugs
  8 orcs
  6 endoplasms
  2 giant cockroaches
  9 goblins
  9 hobgoblins
  5 jackals
  8 quokkas
  8 ball pythons
  A bat (D:2)
  2 frilled lizards (D:3)
  5 kobolds
  5 rats
97 creatures vanquished.

Notes
Turn   | Place    | Note
-------+----------+-------------------------------------------
     0 | D:1      | Fartwhistle the Demonspawn Transmuter began the quest for
                  | the Orb.
     0 | D:1      | Reached XP level 1. HP: 15/15 MP: 3/3
   162 | D:1      | Gained mutation: You have sharp fingernails. [demonic
                  | ancestry]
   162 | D:1      | Reached XP level 2. HP: 4/21 MP: 3/5
   477 | D:1      | Learned a level 2 spell: Wereblood
  1257 | D:2      | Found Vuruvaf's Magic Scroll Boutique.
  1260 | D:2      | Bought a scroll of identify for 22 gold pieces
  1297 | D:2      | Found the +6 shillelagh "Devastator" {shatter}
  1329 | D:2      | Got the Volume of Generation and Ceraunoscopy
  1374 | D:2      | Gained mutation: You have very sharp fingernails. [demonic
                  | ancestry]
  1374 | D:2      | Reached XP level 3. HP: 26/26 MP: 7/7
  1949 | D:2      | Bought a scroll of teleportation for 33 gold pieces
  2154 | D:3      | Learned a level 3 spell: Spider Form
  2163 | D:3      | Noticed Terence
  2185 | D:3      | Killed Terence
  2186 | D:3      | Gained mutation: You have a somewhat thin skeletal
                  | structure. (Dex +2, Stealth+) [demonic ancestry]
  2186 | D:3      | Reached XP level 4. HP: 25/32 MP: 6/8
  2240 | D:3      | Noticed KineticRobot's ghost (weakling DgTm)
  2267 | D:3      | Found a runed translucent door.
  2331 | D:3      | Reached skill level 1 in Poison Magic
  2868 | D:4      | Gained mutation: You regenerate a little health from kills.
                  | [demonic ancestry]
  2868 | D:4      | Reached XP level 5. HP: 37/37 MP: 7/10
  3060 | D:4      | Found a stormy altar of Qazlal.
  3090 | D:4      | Found a bloodstained altar of Trog.
  3197 | D:4      | Noticed Eustachio
  3220 | D:4      | Killed Eustachio
  3221 | D:4      | Gained mutation: You are partially covered in sharp spines.
                  | [demonic ancestry]
  3221 | D:4      | Reached XP level 6. HP: 30/43 MP: 9/12
  3291 | D:4      | Noticed Natasha
  3298 | D:4      | Killed Natasha
  3501 | D:4      | Noticed Natasha
  3507 | D:4      | Killed Natasha
  4050 | D:4      | Noticed Natasha
  4056 | D:4      | Killed Natasha
  4248 | D:5      | Entered Level 5 of the Dungeon
  4264 | D:5      | Noticed Ijyb
  4266 | D:5      | Gained mutation: You regenerate health from kills. [demonic
                  | ancestry]
  4266 | D:5      | Reached XP level 7. HP: 40/48 MP: 14/14
  4319 | D:4      | Killed Ijyb
  4320 | D:4      | Reached skill level 5 in Spellcasting
  4320 | D:4      | Reached skill level 5 in Transmutations
  4591 | D:5      | HP: 2/48 [white imp/puff of frost (6)]
  4975 | D:5      | Identified the +1 scale mail "Voebil" {rPois rN++ Str+3
                  | Dex-2}
  5095 | D:5      | Noticed Duvessa
  5096 | D:5      | Noticed Dowan
  5125 | D:5      | Killed Dowan
  5202 | D:5      | HP: 3/72 [Duvessa/+0 short sword (8)]
  5202 | D:5      | Slain by Duvessa

Illustrated notes

Levels and vault maps discovered:
D:1:      dpeg_arrival_tiny_a, layout_basic, minmay_splitting_lines,
          minmay_misc_feat_cross
D:2:      layout_loops_corners, serial_shops, nicolae_shop_rolled_up,
          minmay_domino_2
D:3:      layout_basic, hellmonk_ghost_happy_afterlife, serial_rivers,
          chequers_serial_rivers_micro_a, chequers_serial_rivers_small_a,
          chequers_serial_rivers_room_a, chequers_serial_rivers_small_3,
          chequers_serial_rivers_small_b, chequers_serial_rivers_room_a,
          minmay_diced_spiral, uniq_terence
D:4:      layout_layer_cave, mainiacjoe_overflow_large_starburst,
          hangedman_decor_points, uniq_eustachio, uniq_natasha
D:5:      layout_basic, uniq_sigmund, uniq_duvessa, uniq_ijyb

Skill      XL: |  1  2  3  4  5  6  7 |
---------------+----------------------+-----
Transmutations | 2 3 4 5 |  5.6
Spellcasting   | 3 4 5 |  5.6
Poison Magic   | 1 2 |  2.0
Fighting       | |  1.0
Dodging        | |  1.7
Unarmed Combat | |  2.6

Action                     |  1- 3 |  4- 6 |  7- 9 || total
---------------------------+-------+-------+-------++-------
  Melee: Unarmed           |   144 |   164 |    59 ||   367
         Punch             |     4 |     1 |       ||     5
         Kick              |     3 |     1 |       ||     4
         Headbutt          |     2 |       |       ||     2
   Cast: Beastly Appendage |     6 |     1 |       ||     7
         Wereblood         |     1 |     2 |       ||     3
         Spider Form       |       |     1 |     9 ||    10
Ability: End Transformatio |       |       |     1 ||     1
    Use: Scroll            |     3 |       |       ||     3
         Potion            |       |       |     2 ||     2
   Stab: Sleeping          |     3 |     5 |     2 ||    10
         Distracted        |       |     1 |       ||     1
 Armour: Robe              |    23 |    61 |     1 ||    85
         Skin              |       |     9 |     6 ||    15
         Leather armour    |       |       |     2 ||     2
  Dodge: Dodged            |    84 |   143 |    52 ||   279
